 Seeded DCSS version 0.29.1-13-g9f3cf754e1 (webtiles) character file.

Game seed: 1 (custom seed)

7735 Kazon the Slasher (level 11, -9/83 HPs)
             Began as a Demonspawn Fighter on Feb 1, 2023.
             Was a High Priest of Okawaru.
             Mangled by a large abomination (13 damage)
             ... on level 1 of the Abyss on Feb 2, 2023.
             The game lasted 00:31:53 (7091 turns).

Kazon the Slasher (Demonspawn Fighter)              Turns: 7091, Time: 00:31:53

Health: -9/83      AC: 15    Str: 18    XL:     11   Next: 0%
Magic:  14/14      EV: 12    Int: 13    God:    Okawaru [*****.]
Gold:   404        SH:  5    Dex: 12    Spells: 10/10 levels left

rFire   . . .      SeeInvis .   s - +3 falchion of Winter {venom, rCorr}
rCold   + + .      Faith    .   c - +0 buckler
rNeg    + + +      Spirit   .   D - +3 leather armour {rC+}
rPois   .          Reflect  .   l - +0 helmet
rElec   +          Harm     +   f - +0 cloak "Uggad" {Harm *Slow rElec rN++}
rCorr   +          Rampage  .   (no gloves)
Will    .....                   n - +2 pair of boots
Stlth   +++.......              g - amulet of the acrobat
HPRegen 0.23/turn               u - ring of positive energy
MPRegen 0.14/turn               P - ring of protection from cold

@: no status effects
A: claws 2, yellow scales 2, powered by death 1, spiny 2
a: Renounce Religion, Heroism, Finesse, Duel


You were on level 1 of the Abyss.
You worshipped Okawaru.
Okawaru was extremely pleased with you.
You visited 2 branches of the dungeon, and saw 11 of its levels.
You visited the Abyss 1 time.

You collected 630 gold pieces.
You spent 226 gold pieces at shops.

Inventory:

Hand Weapons
 e - a +3 dagger of venom
 s - the +3 falchion of Winter (weapon) {venom, rCorr}
   (You bought it in a shop on level 3 of the Dungeon)

   It poisons the flesh of those it strikes.
   rCorr:     It protects you from acid and corrosion.
Missiles
 k - 8 stones
 r - a throwing net
 y - 13 boomerangs (quivered)
 B - 3 curare-tipped darts
 I - 13 poisoned darts
 O - a silver javelin
Armour
 c - a +0 buckler (worn)
 f - the +0 cloak "Uggad" (worn) {Harm *Slow rElec rN++}
   (You acquired it on level 1 of the Dungeon)

   rElec:     It insulates you from electricity.
   rN:        It greatly protects you from negative energy.
   *Slow:     It may slow you when you take damage.
   Harm:      It increases damage dealt and taken.
 l - a +0 helmet (worn)
 n - a +2 pair of boots (worn)
 D - a +3 leather armour of cold resistance (worn)
Jewellery
 g - an amulet of the acrobat (around neck)
 u - a ring of positive energy (left claw)
 E - a ring of protection from cold
 P - a ring of protection from cold (right claw)
Wands
 A - a wand of mindburst (18)
 C - a wand of flame (10)
 F - a wand of roots (6)
 K - a wand of paralysis (15)
Scrolls
 i - 12 scrolls of identify
 o - a scroll of immolation
 p - a scroll of poison {unknown}
 t - 3 scrolls of fog {unknown}
 w - a scroll of magic mapping {unknown}
 x - a scroll of noise
 z - 4 scrolls of teleportation
 G - a scroll of enchant weapon
 H - 3 scrolls of fear
 M - a scroll of summoning {unknown}
 N - a scroll of amnesia {unknown}
Potions
 a - 2 potions of ambrosia {unknown}
 b - 4 potions of berserk rage {unknown}
 d - 2 potions of might
 h - 2 potions of flight
 j - 4 potions of attraction {unknown}
 m - 2 potions of cancellation {unknown}
 q - 2 potions of haste {unknown}
 v - 5 potions of lignification {unknown}
 J - 2 potions of curing
Miscellaneous
 L - a condenser vane


   Skills:
 + Level 6.6 Fighting
 + Level 3.9(6.0) Short Blades
 + Level 7.1(7.5) Long Blades
 + Level 5.6 Throwing
 + Level 6.0 Armour
 + Level 4.8 Dodging
 + Level 5.1 Stealth
 + Level 6.0 Shields
 * Level 4.9 Invocations
 * Level 5.2 Evocations


You had 10 spell levels left.
You didn't know any spells.
Your spell library contained the following spells:

 Spells                   Type           Power      Damage    Failure   Level
 Apportation              Tloc           0%         N/A       43%         1
 Magic Dart               Conj           0%         1d3       43%         1
 Necrotise                Necr           0%         1d4       43%         1
 Sting                    Tmut/Pois      0%         1d3       43%         1
 Poisonous Vapours        Pois/Air       0%         N/A       56%         2
 Mephitic Cloud           Conj/Pois/Air  0%         N/A       80%         3
 Ozocubu's Armour         Ice            0%         N/A       80%         3
 Olgreb's Toxic Radiance  Pois           0%         N/A       99%         4
 Fireball                 Conj/Fire      0%         3d3       100%        5
 Iskenderun's Battlesphe  Conj           0%         2d6       100%        5
 Metabolic Englaciation   Hex/Ice        0%         N/A       100%        5
 Conjure Ball Lightning   Conj/Air       0%         3x3d6     100%        6
 Orb of Destruction       Conj           0%         9d5       100%        7
 Summon Small Mammal      Summ           Unusable   N/A       N/A         1
 Call Imp                 Summ           Unusable   N/A       N/A         2
 Simulacrum               Ice/Necr       Unusable   N/A       N/A         6

Dungeon Overview and Level Annotations

Branches:
Dungeon (10/15)            Temple (1/1) D:7            Lair (0/5) D:10
    Orc: D:9-12

Altars:
Ashenzari
Dithmenos
Gozag
Hepliaklqana
Makhleb
Nemelex Xobeh
Okawaru
Uskayaw
Xom

Shops:
D:3 (   D:8 ?(==

Annotations:
D:10 Erolcha


Innate Abilities, Weirdness & Mutations

You have very sharp fingernails.
You are mostly covered in yellow scales. (AC +3)
You regenerate a little health from kills.
You are mostly covered in sharp spines.


Message History

Something hits you!
You see here a +0 club.
You hear a zap.
A puff of flame appears from out of thin air!
The puff of flame misses you.
You see here a +0 club.
You slash something! Something hits you!
You slash something! You barely miss something.
You hear some strange, mumbled words.
You are cast into the Abyss!
This branch contains the abyssal rune of Zot.
Reactivating autopickup.
You feel like a meek peon again.
A large abomination comes into view.
The large abomination closely misses you.
You hit the large abomination but do no damage.
The large abomination is struck by your spines.
The large abomination hits you!!
You hit the large abomination but do no damage.
The large abomination is lightly damaged.
The large abomination hits you.
You hit the large abomination but do no damage.
The large abomination is lightly damaged.
The large abomination is struck by your spines.
The large abomination hits you!
You hit the large abomination.
The large abomination is lightly damaged.
The large abomination barely misses you.
You hit the large abomination.
The large abomination is moderately damaged.
The large abomination hits you!!
* * * LOW HITPOINT WARNING * * *
You hit the large abomination.
The large abomination is moderately damaged.
You barely miss the large abomination.
The large abomination is moderately damaged.
The large abomination is struck by your spines.
The large abomination hits you!
You die...

###.#. .#.. .#
#.#.......#
.#.#.....#
#.#.#.....##
#.#.#......#
##.#...#...##
#..#.......#
#....#.'...#
#...X@....#
....#..........#
# . #....#.###.#
###...#.. #
.........
#...#.#....
#...####.##
..#.# ..


You could see a large abomination.

Vanquished Creatures
  A two-headed ogre (D:9)
  Maggie (D:6)
  A troll (D:10)
  Prince Ribbit (D:9)
  A shadow (D:9)
  A vampire (D:10)
  A yak (D:6)
  2 wyverns
  Eustachio (D:5)
  2 steam dragons
  Menkaure (D:5)
  Edmund (D:6)
  An acid dragon (D:10)
  4 water moccasins
  4 orc warriors
  An ice beast (D:8)
  5 sky beasts
  2 black bears (D:6)
  4 centaurs
  An ogre (D:6)
  A wolf (D:10)
  2 phantoms (D:6)
  2 kobold brigands
  3 necrophages
  A bullfrog (D:7)
  A gnoll sergeant (D:7)
  5 scorpions
  14 wights
  An electric eel (D:10)
  A howler monkey (D:5)
  2 jellies (D:6)
  6 hounds
  7 orc priests
  A gnoll bouda (D:7)
  6 iguanas
  2 orc wizards (D:9)
  Robin (D:3)
  15 gnolls
  13 adders
  3 shadow imps
  2 white imps (D:7)
  An ufetubus (D:5)
  3 worms
  34 orcs
  11 endoplasms
  A giant cockroach (D:1)
  16 goblins
  9 hobgoblins
  A jackal (D:4)
  17 kobolds
  A quokka (D:1)
  5 ball pythons
  4 bats
  3 frilled lizards
  6 rats
237 creatures vanquished.

Vanquished Creatures (others)
  A quokka (D:7)
1 creature vanquished.

Grand Total: 238 creatures vanquished

Notes
Turn   | Place    | Note
-------+----------+-------------------------------------------
     0 | D:1      | Kazon the Demonspawn Fighter began the quest for the Orb.
     0 | D:1      | Reached XP level 1. HP: 18/18 MP: 1/1
    35 | D:1      | Identified a scroll of acquirement
    35 | D:1      | Acquired the +0 cloak "Uggad" {Harm *Slow rElec rN++}
   310 | D:1      | Gained mutation: You are partially covered in sharp spines.
                  | [demonic ancestry]
   310 | D:1      | Reached XP level 2. HP: 20/24 MP: 2/2
   979 | D:2      | Gained mutation: You regenerate a little health from kills.
                  | [demonic ancestry]
   979 | D:2      | Reached XP level 3. HP: 29/29 MP: 3/3
   993 | D:2      | Reached skill level 2 in Long Blades
  1238 | D:2      | Reached XP level 4. HP: 21/36 MP: 4/4
  1466 | D:3      | Found Umat's Antique Weapon Boutique.
  1496 | D:3      | Bought a crude falchion for 184 gold pieces
  1496 | D:3      | Identified the +3 falchion of Winter {venom, rCorr} (You
                  | bought it in a shop on level 3 of the Dungeon)
  1659 | D:3      | Noticed Robin
  1669 | D:3      | Killed Robin
  1707 | D:3      | Reached XP level 5. HP: 27/42 MP: 5/5
  1949 | D:3      | Reached skill level 5 in Fighting
  1949 | D:3      | Reached skill level 5 in Long Blades
  1949 | D:3      | Reached skill level 5 in Armour
  1949 | D:3      | Reached skill level 5 in Shields
  1949 | D:3      | Reached XP level 6. HP: 51/51 MP: 6/6
  2451 | D:4      | Found a hazy altar of Hepliaklqana.
  2561 | D:4      | Gained mutation: You have sharp fingernails. [demonic
                  | ancestry]
  2561 | D:4      | Reached XP level 7. HP: 56/57 MP: 7/7
  3006 | D:5      | Entered Level 5 of the Dungeon
  3049 | D:5      | Noticed Eustachio
  3085 | D:5      | Killed Eustachio
  3086 | D:5      | Reached skill level 1 in Evocations
  3143 | D:5      | Gained mutation: You have very sharp fingernails. [demonic
                  | ancestry]
  3143 | D:5      | Reached XP level 8. HP: 63/64 MP: 8/8
  3252 | D:5      | Noticed Menkaure
  3261 | D:5      | Killed Menkaure
  4153 | D:7      | Found a staircase to the Ecumenical Temple.
  4167 | Temple   | Entered the Ecumenical Temple
  4174 | Temple   | Became a worshipper of Warmaster Okawaru
  4298 | D:7      | Gained mutation: You are mostly covered in sharp spines.
                  | [demonic ancestry]
  4298 | D:7      | Reached XP level 9. HP: 69/69 MP: 9/9
  4318 | D:7      | Found a hide-covered altar of Uskayaw.
  4409 | D:6      | Reached skill level 1 in Invocations
  4410 | D:6      | Reached * piety under Okawaru
  4452 | D:6      | Reached skill level 6 in Long Blades
  4463 | D:6      | Noticed Edmund
  4480 | D:6      | Killed Edmund
  4480 | D:6      | Reached ** piety under Okawaru
  4732 | D:6      | Noticed Maggie
  4757 | D:6      | Killed Maggie
  5010 | D:7      | Gained mutation: You are partially covered in yellow
                  | scales. (AC +2) [demonic ancestry]
  5010 | D:7      | Reached XP level 10. HP: 29/76 MP: 12/12
  5193 | D:7      | Reached *** piety under Okawaru
  5277 | D:7      | Reached skill level 5 in Throwing
  5473 | D:8      | Found Quzidd's Magic Scroll Emporium.
  5478 | D:8      | Bought a scroll of teleportation for 42 gold pieces
  5594 | D:8      | Reached skill level 5 in Stealth
  5699 | D:8      | Found Esumer's Weapon Shop.
  6091 | D:8      | Found Heidghoki's Jewellery Shop.
  6289 | D:8      | Found Zoxtaeshakh's Jewellery Boutique.
  6515 | D:9      | Reached **** piety under Okawaru
  6619 | D:9      | Noticed Prince Ribbit
  6634 | D:9      | Killed Prince Ribbit
  6772 | D:9      | Noticed a two-headed ogre
  6789 | D:9      | Killed a two-headed ogre
  6789 | D:9      | Received a gift from Okawaru
  6790 | D:9      | Reached skill level 5 in Evocations
  6928 | D:10     | Entered Level 10 of the Dungeon
  7002 | D:10     | Reached skill level 7 in Long Blades
  7037 | D:10     | Found a staircase to the Lair.
  7043 | D:10     | Reached ***** piety under Okawaru
  7045 | D:10     | Noticed Erolcha
  7055 | D:10     | Gained mutation: You are mostly covered in yellow scales.
                  | (AC +3) [demonic ancestry]
  7055 | D:10     | Reached XP level 11. HP: 82/83 MP: 11/14
  7065 | Abyss:1  | Cast into level 1 of the Abyss (Erolcha)
  7089 | Abyss:1  | HP: 4/83 [large abomination (22)]
  7091 | Abyss:1  | Mangled by a large abomination

Illustrated notes

Levels and vault maps discovered:
D:1:      dpeg_arrival_three_smaller_balls, layout_basic
D:2:      layout_loops_ring
D:3:      layout_basic, serial_shops, nicolae_shop_stone, st_stairs_9,
          minmay_misc_feat_doors, eino_curves_03, uniq_robin
D:4:      minmay_wonky_spiral, layout_basic,
          mainiacjoe_overflow_surrounded_room, minivault_5
D:5:      layout_cave_pods, uniq_menkaure, uniq_eustachio
D:6:      cheibrodos_barr_body, layout_basic, minmay_crystal_room,
          minmay_pentangle, uniq_maggie, uniq_edmund
D:7:      layout_cave_pools, nicolae_uskayaw_murder_on_the_dancefloor,
          elyvilon_altar_4, minmay_temple_entry_purple_smoke
D:8:      layout_basic, serial_shops, shop_statue, kennysheep_little_box, shop,
          nicolae_shop_window_shopping
D:9:      layout_cave_pools, uniq_prince_ribbit1
D:10:     layout_stronghold, erik_lair_island, serial_shops,
          nicolae_shop_statue_plus, uniq_erolcha
Temple:   nicolae_temple_bog_church
Abyss:1:  base: D:6, minivault_28

Skill      XL: |  1  2  3  4  5  6  7  8  9 10 |
---------------+-------------------------------+-----
Shields        | 3 5 6 |  6.0
Long Blades    | 2 5 6 7 |  7.1
Armour         | 3 5 6 |  6.0
Fighting       | 5 6 |  6.6
Short Blades   | 3 |  3.9
Throwing       | 3 4 5 |  5.6
Dodging        | 3 4 |  4.8
Stealth        | 4 5 |  5.1
Evocations     | 1 3 4 5 |  5.2
Invocations    | 3 4 |  4.9

Action                   |  1- 3 |  4- 6 |  7- 9 | 10-12 || total
-------------------------+-------+-------+-------+-------++-------
Melee: Long sword        |    64 |       |       |       ||    64
       Dagger            |    10 |    61 |    42 |     7 ||   120
       Falchion          |       |    19 |   196 |   188 ||   403
Throw: Stone             |     5 |    26 |    37 |    41 ||   109
       Boomerang         |       |    10 |     6 |    12 ||    28
Invok: Heroism           |       |       |       |     4 ||     4
Evoke: Wand              |       |       |     2 |     4 ||     6
  Use: Scroll            |     1 |       |     2 |     4 ||     7
       Potion            |       |     1 |     3 |       ||     4
 Stab: Sleeping          |       |       |     8 |     2 ||    10
       Paralysed         |       |       |    10 |       ||    10
Armor: Scale mail        |    34 |    24 |    19 |       ||    77
       Leather armour    |       |       |    69 |    64 ||   133
Dodge: Dodged            |    29 |    27 |    92 |    80 ||   228
Block: Buckler           |    20 |    15 |    38 |    40 ||   113
